 Dungeon Crawl Stone Soup version 0.31-a0-233-g139696dc86 (webtiles) character file.

Game seed: 18184527279997598606

12345 zazu2006 the Skirmisher (level 11, -5/83 (87) HPs)
             Began as a Gnoll Wanderer on July 9, 2023.
             Was an Elder of Vehumet.
             Killed from afar by an orc sorcerer (14 damage)
             ... with a bolt of fire
             ... on level 9 of the Dungeon.
             The game lasted 00:30:43 (9392 turns).

zazu2006 the Skirmisher (Gnoll Wanderer)            Turns: 9392, Time: 00:30:44

HP:   -5/83 (87)    AC:  9    Str: 13    XL:     11   Next: 91%
MP:   21/21         EV: 13    Int: 12    God:    Vehumet [****..]
Gold: 679           SH:  0    Dex: 14    Spells: 15/24 levels left

rFire   + . .        G - +5 war axe (freeze)
rCold   . . .        (no shield)
rNeg    . . .        u - +3 ring mail {rF+}
rPois   .            (no helmet)
rElec   .            (no cloak)
rCorr   .            (no gloves)
SInv    .            (no boots)
Will    +....        q - amulet of regeneration
Stlth   +++          z - ring of willpower
HPRegen 1.13/turn    (no ring)
MPRegen 0.17/turn

%: no passive effects
@: lightly drained
A: fangs 1, strong nose, distributed training
a: Renounce Religion


You were on level 9 of the Dungeon.
You worshipped Vehumet.
Vehumet was greatly pleased with you.
You visited 3 branches of the dungeon, and saw 13 of its levels.
You also visited: Volcano.

You collected 679 gold pieces.

Inventory:

Hand Weapons
 a - a +2 sling
 c - a +0 arbalest
 e - a +1 shortbow of flaming
 x - a +1 dagger of draining
 A - a +2 whip of holy wrath
 B - a +2 dagger of electrocution
 F - a +1 short sword of freezing
 G - a +5 war axe of freezing (weapon)
Armour
 d - the +1 ring mail of Acukla Otaru {+Inv}
   (You found it on level 4 of the Dungeon)

   +Inv:      It lets you turn invisible.
 j - +0 steam dragon scales
 u - a +3 ring mail of fire resistance (worn)
 L - a +4 chain mail of fire resistance
Jewellery
 b - an amulet of faith
 q - an amulet of regeneration (around neck)
 z - a ring of willpower (left hand)
 D - a ring of ice
 E - a ring of ice
Wands
 t - a wand of flame (35)
 w - a wand of polymorph (2)
 C - a wand of digging (7)
Scrolls
 h - a scroll of revelation
 n - 3 scrolls of enchant weapon
 p - 2 scrolls of torment
 s - 2 scrolls of enchant armour
 v - a scroll of poison {unknown}
 y - a scroll of noise {unknown}
 I - a scroll of fog {unknown}
Potions
 f - a potion of cancellation
 g - 2 potions of curing
 i - a potion of ambrosia
 k - a potion of might {unknown}
 l - 2 potions of brilliance
 m - 5 potions of mutation
 o - a potion of enlightenment
 r - 3 potions of haste
 H - 2 potions of magic
 J - a potion of resistance
 K - a potion of heal wounds


   Skills:
 + Level 8.4 Fighting
 + Level 7.0 Short Blades
 + Level 7.0 Long Blades
 + Level 7.0 Axes
 + Level 7.0 Maces & Flails
 + Level 7.0 Polearms
 + Level 7.0 Staves
 + Level 12.4 Ranged Weapons
 + Level 7.0 Throwing
 + Level 7.0 Armour
 + Level 7.0 Dodging
 + Level 7.0 Stealth
 + Level 7.0 Shields
 + Level 7.0 Unarmed Combat
 + Level 7.0 Spellcasting
 + Level 5.8 Conjurations
 + Level 5.8 Hexes
 + Level 5.8 Summonings
 + Level 5.8 Necromancy
 + Level 5.8 Translocations
 + Level 5.8 Transmutations
 + Level 5.8 Fire Magic
 + Level 5.8 Ice Magic
 + Level 5.8 Air Magic
 + Level 5.8 Earth Magic
 + Level 5.8 Poison Magic
 + Level 7.7 Invocations
 + Level 9.7 Evocations


You had 15 spell levels left.
You knew the following spells:

 Your Spells              Type           Power      Damage    Failure   Level
a - Magic Dart            Conj           72%        1d6       1%          1
b - Mephitic Cloud        Conj/Pois/Air  18%        N/A       2%          3
c - Dazzling Flash        Conj/Hex       36%        N/A       2%          3
d - Blink                 Tloc           36%        N/A       4%          2

Your spell library contained the following spells:

 Spells                   Type           Power      Damage    Failure   Level
 Hailstorm                Conj/Ice       18%        3d6       2%          3
 Momentum Strike          Conj/Tloc      36%        3d9       1%          2
 Volatile Blastmotes      Fire/Tloc      36%        2d13      2%          3
 Call Imp                 Summ           36%        N/A       4%          2
 Lesser Beckoning         Tloc           36%        N/A       4%          2
 Iskenderun's Mystic Bla  Conj/Tloc      18%        2d6       8%          4
 Manifold Assault         Tloc           18%        N/A       28%         4
 Summon Forest            Summ/Tloc      9%         N/A       61%         5
 Summon Mana Viper        Hex/Summ       18%        N/A       61%         5
 Starburst                Conj/Fire      9%         6d5       69%         6
 Dispersal                Tloc           9%         N/A       99%         6
 Summon Cactus Giant      Summ           9%         N/A       99%         6
 Disjunction              Tloc           9%         N/A       100%        8


Dungeon Overview and Level Annotations

Branches:
Dungeon (11/15)            Temple (1/1) D:6             Orc (1/2) D:9
Volcano (visited)
   Lair: D:8-11

Altars:
Ashenzari
Cheibriados
Dithmenos
Elyvilon
Fedhas
Gozag
Hepliaklqana
Kikubaaqudgha
Makhleb
Nemelex Xobeh
Okawaru
Qazlal
Ru
Sif Muna
Trog
Uskayaw
Vehumet
Wu Jian
Xom
Yredelemnul
Zin
The Shining One

Annotations:
D:4 Duvessa
D:8 Gastronok
D:11 1 transporter
Orc:1 Urug


Innate Abilities, Weirdness & Mutations

You have very sharp teeth.
Your uncanny sense of smell can sniff out nearby items.
Your experience applies equally to all skills.


Message History

You freeze the orc sorcerer. You hit the ice devil.
The orc sorcerer hits you but does no damage.
The orc hits you but does no damage. The ice devil closely misses you.
Unknown command.
Unknown command.
You closely miss the orc. You bite the orc, but do no damage.
You miss the orc sorcerer. You closely miss the ice devil.
The orc sorcerer hits you with a +0 dagger.
The orc misses you. The ice devil closely misses you.
Unknown command.
Unknown command.
You slash the orc! You freeze the orc.
You kill the orc!
Vehumet accepts your kill.
You barely miss the orc sorcerer. You hit the ice devil but do no damage.
The orc sorcerer hits you with a +0 dagger.
The ice devil closely misses you.
Unknown command.
You closely miss the orc sorcerer. You punch the orc sorcerer.
The orc sorcerer is moderately wounded.
You hit the ice devil.
The orc sorcerer hits you with a +0 dagger.
The ice devil hits you but does no damage.
The orc sorcerer hits you with a +0 dagger.
Unknown command.
You slash the orc sorcerer! You freeze the orc sorcerer.
The orc sorcerer is heavily wounded.
You barely miss the ice devil. The ice devil hits you!
The ice devil freezes you!
The orc sorcerer hits you but does no damage.
Unknown command.
You barely miss the orc sorcerer.
The orc sorcerer is heavily wounded.
You hit the ice devil but do no damage. The ice devil hits you!
* * * LOW HITPOINT WARNING * * *
The ice devil freezes you!
* * * LOW HITPOINT WARNING * * *
The orc sorcerer gestures at you while chanting.
The bolt of fire hits you! You resist.
You die...

### ### ### #
#######8###.###8###
#≈≈≈.#...#...#...#.
#≈≈o.#............)
#≈@).'...........[÷
#≈§4.#............)
#§≈§.#...#...#...#.
#######8###8###.###
#############
##.>........
#..........#
###..####....
#......##....


You could see an ice devil (summoned) and an orc sorcerer.

Vanquished Creatures
  2 two-headed ogres
  A hell hog (Volcano)
  An orc knight (D:10)
  3 salamanders (Volcano)
  Joseph (D:8)
  A troll (D:9)
  Grinder (D:6)
  Sigmund (D:2)
  A shadow (D:5)
  A wyvern (D:9)
  15 yaks
  2 fire bats (Volcano)
  Grum (D:8)
  A water moccasin (D:6)
  4 wargs
  A hell hound (Volcano)
  6 orc warriors
  4 sky beasts
  An ogre (Orc:1)
  6 centaurs
  3 wolves (D:8)
  2 phantoms
  4 kobold brigands
  3 bullfrogs
  3 scorpions
  3 wights (D:8)
  Dowan (D:4)
  17 killer bees
  4 howler monkeys
  A jelly (D:6)
  2 hounds (D:6)
  2 gnoll boudas
  3 orc priests
  Jessica (D:2)
  Terence (D:2)
  3 iguanas
  7 orc wizards
  18 gnolls
  6 adders
  2 white imps
  An ufetubus (D:3)
  A worm (D:3)
  31 orcs
  10 ball pythons
  7 bats
  9 endoplasms
  5 giant cockroaches
  4 goblins
  7 hobgoblins
  7 jackals
  31 kobolds
  2 quokkas
  2 frilled lizards
  6 rats
263 creatures vanquished.

Vanquished Creatures (collateral kills)
  A killer bee (D:9)
1 creature vanquished.

Vanquished Creatures (others)
  A steam dragon (D:9)
  An orc warrior (D:9)
  A killer bee (D:9)
  An orc (D:9)
4 creatures vanquished.

Grand Total: 268 creatures vanquished

Notes
Turn   | Place    | Note
-------+----------+-------------------------------------------
     0 | D:1      | Reached skill level 10 in Ranged Weapons
     0 | D:1      | zazu2006 the Gnoll Wanderer began the quest for the Orb.
     0 | D:1      | zazu2006 set off with the following items: a +2 sling, a
                  | scroll of teleportation, a wand of flame (4), a scroll of
                  | blinking, a +0 leather armour.
     0 | D:1      | Reached XP level 1. HP: 20/20 MP: 1/1
    64 | D:1      | Reached XP level 2. HP: 26/26 MP: 2/2
   349 | D:1      | Reached XP level 3. HP: 31/31 MP: 3/3
   586 | D:2      | Reached skill level 1 in Invocations
   590 | D:2      | Reached skill level 1 in Short Blades
   590 | D:2      | Reached skill level 1 in Long Blades
   590 | D:2      | Reached skill level 1 in Axes
   590 | D:2      | Reached skill level 1 in Maces & Flails
   590 | D:2      | Reached skill level 1 in Polearms
   590 | D:2      | Reached skill level 1 in Staves
   590 | D:2      | Reached skill level 1 in Throwing
   590 | D:2      | Reached skill level 1 in Armour
   590 | D:2      | Reached skill level 1 in Dodging
   590 | D:2      | Reached skill level 1 in Stealth
   590 | D:2      | Reached skill level 1 in Shields
   590 | D:2      | Reached skill level 1 in Unarmed Combat
   590 | D:2      | Reached skill level 1 in Spellcasting
   598 | D:2      | Reached XP level 4. HP: 12/38 MP: 5/5
   711 | D:2      | Noticed Jessica
   722 | D:2      | Killed Jessica
   723 | D:2      | Reached skill level 1 in Conjurations
   723 | D:2      | Reached skill level 1 in Hexes
   723 | D:2      | Reached skill level 1 in Summonings
   723 | D:2      | Reached skill level 1 in Necromancy
   723 | D:2      | Reached skill level 1 in Translocations
   723 | D:2      | Reached skill level 1 in Transmutations
   723 | D:2      | Reached skill level 1 in Fire Magic
   723 | D:2      | Reached skill level 1 in Ice Magic
   723 | D:2      | Reached skill level 1 in Air Magic
   723 | D:2      | Reached skill level 1 in Earth Magic
   723 | D:2      | Reached skill level 1 in Poison Magic
   986 | D:2      | Noticed Terence
   995 | D:2      | Killed Terence
   996 | D:2      | Reached XP level 5. HP: 40/43 MP: 7/7
  1098 | D:2      | Noticed Sigmund
  1107 | D:2      | Killed Sigmund
  1108 | D:2      | Reached skill level 5 in Fighting
  1108 | D:2      | Reached XP level 6. HP: 32/51 MP: 7/9
  1198 | D:2      | Found a shimmering altar of Xom.
  1469 | D:3      | Found a burning altar of Makhleb.
  1573 | D:3      | Found a faded altar of an unknown god.
  2426 | D:4      | Reached XP level 7. HP: 49/56 MP: 10/10
  2488 | D:4      | Noticed Duvessa
  2488 | D:4      | Noticed Dowan
  2634 | D:4      | Identified the +1 ring mail of Acukla Otaru {+Inv}
  2654 | D:4      | Learned a level 1 spell: Magic Dart
  2658 | D:4      | Learned a level 3 spell: Mephitic Cloud
  2662 | D:4      | Learned a level 3 spell: Dazzling Flash
  3096 | D:4      | Found an iron altar of Okawaru.
  3127 | D:5      | Entered Level 5 of the Dungeon
  3686 | D:6      | Reached XP level 8. HP: 60/63 MP: 12/12
  3720 | D:6      | Noticed a shadow
  3806 | D:6      | Found a hazy altar of Hepliaklqana.
  3924 | D:6      | Found a staircase to the Ecumenical Temple.
  3924 | D:6      | Noticed Grinder
  3934 | D:6      | Killed Grinder
  3935 | D:6      | Reached skill level 11 in Ranged Weapons
  3946 | Temple   | Entered the Ecumenical Temple
  4078 | Temple   | Became a worshipper of Vehumet
  4529 | D:6      | Identified the +0 quarterstaff of Yfiont {drain, *Rage rC+
                  | Stlth+}
  4799 | D:7      | Reached XP level 9. HP: 56/69 MP: 14/14
  4811 | D:7      | Found an ancient bone altar of Kikubaaqudgha.
  5505 | D:8      | Noticed Joseph
  5522 | D:8      | Killed Joseph
  5574 | D:8      | Noticed a two-headed ogre
  5583 | D:8      | Killed a two-headed ogre
  5584 | D:8      | Reached skill level 5 in Invocations
  5777 | D:8      | Reached * piety under Vehumet
  5777 | D:8      | Offered knowledge of Foxfire by Vehumet.
  5781 | D:8      | Reached skill level 5 in Short Blades
  5781 | D:8      | Reached skill level 5 in Long Blades
  5781 | D:8      | Reached skill level 5 in Axes
  5781 | D:8      | Reached skill level 5 in Maces & Flails
  5781 | D:8      | Reached skill level 5 in Polearms
  5781 | D:8      | Reached skill level 5 in Staves
  5781 | D:8      | Reached skill level 5 in Throwing
  5781 | D:8      | Reached skill level 5 in Armour
  5781 | D:8      | Reached skill level 5 in Dodging
  5781 | D:8      | Reached skill level 5 in Stealth
  5781 | D:8      | Reached skill level 5 in Shields
  5781 | D:8      | Reached skill level 5 in Unarmed Combat
  5781 | D:8      | Reached skill level 5 in Spellcasting
  5781 | D:8      | Reached XP level 10. HP: 77/77 MP: 17/17
  5814 | D:8      | Noticed Gastronok
  5992 | D:8      | Noticed Grum
  6003 | D:8      | Killed Grum
  6565 | D:4      | Killed Dowan
  7045 | D:9      | Found a stormy altar of Qazlal.
  7197 | D:9      | Noticed a kobold demonologist
  7483 | D:9      | Reached ** piety under Vehumet
  7483 | D:9      | Offered knowledge of Kiss of Death by Vehumet.
  7875 | D:9      | Offered knowledge of Searing Ray by Vehumet.
  7891 | D:9      | Reached skill level 12 in Ranged Weapons
  7896 | D:9      | Reached skill level 5 in Conjurations
  7896 | D:9      | Reached skill level 5 in Hexes
  7896 | D:9      | Reached skill level 5 in Summonings
  7896 | D:9      | Reached skill level 5 in Necromancy
  7896 | D:9      | Reached skill level 5 in Translocations
  7896 | D:9      | Reached skill level 5 in Transmutations
  7896 | D:9      | Reached skill level 5 in Fire Magic
  7896 | D:9      | Reached skill level 5 in Ice Magic
  7896 | D:9      | Reached skill level 5 in Air Magic
  7896 | D:9      | Reached skill level 5 in Earth Magic
  7896 | D:9      | Reached skill level 5 in Poison Magic
  7896 | D:9      | Reached XP level 11. HP: 70/85 MP: 18/20
  7994 | D:9      | Found a staircase to the Orcish Mines.
  8052 | D:9      | Learned a level 2 spell: Blink
  8070 | D:10     | Entered Level 10 of the Dungeon
  8084 | D:10     | Reached *** piety under Vehumet
  8282 | D:10     | Noticed a two-headed ogre
  8299 | D:10     | Killed a two-headed ogre
  8447 | D:10     | Offered knowledge of Ignite Poison by Vehumet.
  8511 | D:10     | Noticed an orc knight
  8531 | D:10     | Killed an orc knight
  8903 | D:11     | Found a transporter.
  8983 | Orc:1    | Entered Level 1 of the Orcish Mines
  9044 | Orc:1    | Found a dark tunnel.
  9050 | Volcano  | Entered a volcano
  9073 | Volcano  | Noticed a salamander
  9073 | Volcano  | Noticed a hell hog
  9082 | Volcano  | Killed a salamander
  9092 | Volcano  | Killed a hell hog
  9113 | Volcano  | Noticed a salamander
  9115 | Volcano  | Noticed a salamander
  9128 | Volcano  | Killed a salamander
  9143 | Volcano  | Killed a salamander
  9333 | Orc:1    | Reached **** piety under Vehumet
  9333 | Orc:1    | Noticed Urug
  9333 | Orc:1    | Noticed an orc sorcerer
  9365 | D:9      | Offered knowledge of Hailstorm by Vehumet.
  9392 | D:9      | Killed from afar by an orc sorcerer

Illustrated notes

Levels and vault maps discovered:
D:1:      kennysheep_arrival_seaside, layout_rooms
D:2:      layout_loops_ring, basic_altar, minmay_misc_feat_columns,
          uniq_terence, uniq_jessica, uniq_sigmund
D:3:      layout_basic, amcnicky_altar_gilded, basic_ecumenical_altar
D:4:      layout_loops_ring, mainiacjoe_overflow_alcove_4, uniq_duvessa
D:5:      layout_basic
D:6:      layout_loops_ring, worldfamousw_hep_ancestral_shrine,
          minmay_temple_entry_offerings, nicolae_concentric_dashed_squares_wild,
          uniq_grinder
D:7:      layout_loops_ring, lemuel_tele_altar
D:8:      nicolae_cairo_tiling_very_big, layout_gridville, uniq_gastronok,
          uniq_grum, uniq_joseph
D:9:      layout_basic, nicolae_qazlal_style_of_elements, david_orc_4,
          skrybe_limestone_x
D:10:     layout_loops_ring
D:11:     gammafunk_sealed_arena, layout_cave_pools, gammafunk_ghost_stat_death
Temple:   minmay_crystal_spiral_temple
Orc:1:    layout_caves, nicolae_volcano_entry_s_turn, uniq_urug

Skill      XL: |  1  2  3  4  5  6  7  8  9 10 11 |
---------------+----------------------------------+-----
Ranged Weapons | 11 12 | 12.4
Invocations    | 1 2 3 4 5 6 7 |  7.7
Short Blades   | 1 2 3 5 6 7 |  7.0
Long Blades    | 1 2 3 5 6 7 |  7.0
Axes           | 1 2 3 5 6 7 |  7.0
Maces & Flails | 1 2 3 5 6 7 |  7.0
Polearms       | 1 2 3 5 6 7 |  7.0
Staves         | 1 2 3 5 6 7 |  7.0
Throwing       | 1 2 3 5 6 7 |  7.0
Armour         | 1 2 3 5 6 7 |  7.0
Dodging        | 1 2 3 5 6 7 |  7.0
Stealth        | 1 2 3 5 6 7 |  7.0
Shields        | 1 2 3 5 6 7 |  7.0
Unarmed Combat | 1 2 3 5 6 7 |  7.0
Spellcasting   | 1 2 3 5 6 7 |  7.0
Conjurations   | 1 2 3 4 5 |  5.8
Hexes          | 1 2 3 4 5 |  5.8
Summonings     | 1 2 3 4 5 |  5.8
Necromancy     | 1 2 3 4 5 |  5.8
Translocations | 1 2 3 4 5 |  5.8
Transmutations | 1 2 3 4 5 |  5.8
Fire Magic     | 1 2 3 4 5 |  5.8
Ice Magic      | 1 2 3 4 5 |  5.8
Air Magic      | 1 2 3 4 5 |  5.8
Earth Magic    | 1 2 3 4 5 |  5.8
Poison Magic   | 1 2 3 4 5 |  5.8
Fighting       | 5 6 7 8 |  8.4
Evocations     | 7 8 9 |  9.7

Action                     |  1- 3 |  4- 6 |  7- 9 | 10-12 || total
---------------------------+-------+-------+-------+-------++-------
  Melee: War axe           |       |       |       |   269 ||   269
         Bite              |       |       |       |    30 ||    30
         Punch             |       |       |       |    12 ||    12
         Whip              |       |       |       |     7 ||     7
   Fire: Sling             |    76 |   218 |    51 |       ||   345
         Arbalest          |       |       |   223 |   125 ||   348
   Cast: Mephitic Cloud    |       |       |     2 |    19 ||    21
         Magic Dart        |       |       |       |     1 ||     1
         Dazzling Flash    |       |       |       |     1 ||     1
Ability: Evoke Invisibilit |       |       |       |     1 ||     1
  Evoke: Wand              |     2 |       |     2 |       ||     4
    Use: Scroll            |       |       |     2 |    13 ||    15
         Potion            |       |       |     1 |     9 ||    10
   Stab: Sleeping          |       |       |       |     2 ||     2
         Confused          |       |       |       |     6 ||     6
 Armour: Leather armour    |     6 |    17 |    32 |     1 ||    56
         Ring mail         |       |       |       |   106 ||   106
  Dodge: Dodged            |     7 |    51 |    90 |   275 ||   423

Table legend: (Time is in decaauts)
 A = Elapsed time spent in this place.
 B = Non-inter-level travel time spent in this place.
 C = Inter-level travel time spent in this place.
 D = Time resting spent in this place.
 E = Time spent auto-exploring this place.
 F = Levels seen in this place.
 G = Mean time per level.
                   A        B        C        D        E       F      G
               +--------+--------+--------+--------+--------+-----+--------+
         Total |   9553 |   8976 |    577 |    534 |   5735 |  14 |  682.4 |
       Dungeon |   8961 |   8465 |    496 |    530 |   5565 |  11 |  814.6 |
        Temple |    213 |    132 |     81 |      0 |    112 |   1 |  213.0 |
  Orcish Mines |    163 |    163 |      0 |      0 |     58 |   1 |  163.0 |
       Volcano |    214 |    214 |      0 |      4 |      0 |   1 |  214.0 |
               +--------+--------+--------+--------+--------+-----+--------+

Top non-repeatable levels by time:
     D:9: 1332 daAuts
     D:3: 1046 daAuts
     D:4: 968 daAuts
     D:7: 936 daAuts
     D:8: 905 daAuts
    D:10: 899 daAuts
     D:5: 794 daAuts
     D:2: 787 daAuts
     D:6: 754 daAuts
     D:1: 526 daAuts
 Volcano: 214 daAuts
  Temple: 213 daAuts
   Orc:1: 163 daAuts
    D:11: 9 daAuts
